 Dungeon Crawl Stone Soup version 0.30-a0-1018-g25214051b3 (webtiles) character file.

Game seed: 8745495890179376730

2399 DeathPants the Chopper (level 9, -2/106 HPs)
             Began as a Demonspawn Monk on Apr 7, 2023.
             Was an Initiate of Gozag.
             Slain by an orc warrior
             ... wielding a +2 battleaxe of electrocution
              (11 damage)
             ... on level 7 of the Dungeon.
             The game lasted 00:15:41 (6505 turns).

DeathPants the Chopper (Demonspawn Monk)            Turns: 6505, Time: 00:15:41

Health: -2/106     AC: 13    Str: 13    XL:     9   Next: 23%
Magic:  16/16      EV: 13    Int: 22    God:    Gozag
Gold:   1072       SH:  0    Dex: 17    Spells: 15/17 levels left

rFire   + . .      SeeInvis +    a - +3 war axe of Wu Jian's Hope {speed, Int+8 Dex-3 SInv}
rCold   . . .      Faith    .    (no shield)
rNeg    . . .      Spirit   .    u - +1 ring mail of Etodah {rF+ rCorr Dex+4}
rPois   .          Reflect  .    n - +0 helmet
rElec   .          Rampage  .    (no cloak)
rCorr   +                        e - +1 pair of gloves
Will    .....                    (no boots) Stlth
                                 p - amulet of the acrobat
HPRegen 0.37/turn                w - +4 ring of protection
MPRegen 0.30/turn                (no ring)

@: berserking, gold aura, quick
A: hooves 1, powered by pain 2, magic regeneration, sturdy frame 2
a: Renounce Religion, Potion Petition, Call Merchant, Bribe Branch


You were on level 7 of the Dungeon.
You worshipped Gozag.
Gozag was most pleased with you.
You visited 1 branch of the dungeon, and saw 7 of its levels.

You collected 1072 gold pieces.

Inventory:

Hand Weapons
 a - the +3 war axe of Wu Jian's Hope (weapon) {speed, Int+8 Dex-3 SInv}
   (You found it on level 3 of the Dungeon)

   Int:       It affects your intelligence (+8).
   Dex:       It affects your dexterity (-3).
   SInv:      It lets you see invisible.
 s - a +0 short sword
Missiles
 d - 10 javelins (quivered)
 k - 2 boomerangs
 m - 13 poisoned darts
Armour
 e - a +1 pair of gloves (worn)
 n - a +0 helmet (worn)
 u - the +1 ring mail of Etodah (worn) {rF+ rCorr Dex+4}
   (You found it on level 4 of the Dungeon)

   Dex:       It affects your dexterity (+4).
   rF:        It protects you from fire.
   rCorr:     It protects you from acid and corrosion.
 y - a +3 leather armour
Jewellery
 p - an amulet of the acrobat (around neck)
 w - a +4 ring of protection (left hand)
 D - the ring "Wuef Weta" {rN+ Int+6 Dex+5 Slay-2}
   (You found it on level 6 of the Dungeon)

   [ring of intelligence]

   Int:       It affects your intelligence (+6).
   Dex:       It affects your dexterity (+5).
   Slay:      It affects your accuracy & damage with ranged weapons and melee
   (-2).
   rN:        It protects you from negative energy.
 E - a ring of magical power
Wands
 f - a wand of charming (11)
 q - a wand of digging (5)
 G - a wand of quicksilver (6)
Scrolls
 b - 4 scrolls of teleportation
 l - a scroll of poison
 r - 2 scrolls of magic mapping
 C - a scroll of enchant armour
 F - a scroll of amnesia
Potions
 c - 4 potions of ambrosia
 g - a potion of brilliance
 h - a potion of heal wounds
 j - 3 potions of flight
 o - 4 potions of curing
 t - a potion of magic
 v - a potion of might
 z - a potion of haste {unknown}
 A - a potion of mutation {unknown}
 B - a potion of degeneration {unknown}


   Skills:
 + Level 6.4 Fighting
 - Level 2.6 Short Blades
 * Level 6.6 Axes
 - Level 1.5 Armour
 - Level 3.2 Dodging
 - Level 1.7 Stealth
 + Level 4.9 Spellcasting
 + Level 4.5 Translocations


You had 15 spell levels left.
You knew the following spells:

 Your Spells              Type           Power      Damage    Failure   Level
a - Blink                 Tloc           50%        N/A       2%          2

Your spell library contained the following spells:

 Spells                   Type           Power      Damage    Failure   Level
 Gell's Gravitas          Tloc           25%        N/A       5%          3
 Teleport Other           Tloc           25%        N/A       5%          3
 Portal Projectile        Hex/Tloc       30%        N/A       13%         3
 Manifold Assault         Tloc           25%        N/A       17%         4
 Call Canine Familiar     Summ           5%         N/A       34%         3
 Leda's Liquefaction      Hex/Erth       2%         N/A       75%         4
 Dispersal                Tloc           12%        N/A       95%         6
 Storm Form               Tmut/Air       2%         N/A       100%        7
 Borgnjor's Revivificati  Necr           2%         N/A       100%        8
 Necromutation            Tmut/Necr      2%         N/A       100%        8
 Death's Door             Necr           2%         N/A       100%        9


Dungeon Overview and Level Annotations

Branches:
Dungeon (7/15)             Temple (0/1) D:4

Altars:
Cheibriados
Fedhas
Gozag
Kikubaaqudgha
Qazlal
Ru
Wu Jian

Shops:
D:3 *


Innate Abilities, Weirdness & Mutations

You have large cloven feet.
You sometimes gain power by taking damage.
You regenerate magic rapidly.
Your movements are less encumbered by armour. (ER -4)


Message History

You feel yourself moving faster!
You feel mighty!
An orc warrior comes into view.
It is wielding a +2 battleaxe of electrocution.
The orc warrior splashes around in the water.
The ogre hits you with a +0 giant club!
* * * LOW HITPOINT WARNING * * *
You closely miss the orc warrior.
The orc warrior is severely wounded.
You slash the ogre! You barely miss the orc warrior.
The orc warrior is severely wounded.
You closely miss the ogre. You hit the white imp. The orc warrior misses you.
You slash the orc warrior!
You kill the orc warrior!
You hear a splash. x2
You slash the ogre!
You kill the ogre!
You hear a splash.
You hit the white imp.
The white imp shouts, "Out, out, thou grime-gilt tip-merry wastrel!"
The white imp gestures at you.
The puff of frost hits you but does no damage.
You slash the white imp!
You kill the white imp!
You enter the shallow water.
Moving in this stuff is going to be slow.
Things that are here:
4 gold pieces; a +0 halberd; a +0 chain mail You slash the orc warrior!
The orc warrior is moderately wounded.
You slash the orc warrior!
The orc warrior is heavily wounded.
The orc warrior hits you but does no damage.
You slash the orc warrior!
The orc warrior is almost dead.
You hit the orc warrior but do no damage.
Your kick misses the orc warrior.
The orc warrior is almost dead.
The orc warrior hits you with a +2 battleaxe of electrocution!
You die...
Your body crumbles into a pile of gold.

##.#. ... $
####.#####
#...<....#
#.##.###.# #.#
########## #..
##.~....(.## ###
##...~..$...## $
#.≈..~$$@o.~.#
##..≈..~~$.≈..#
#...#.######...#
##..##.8( ..#
#..##...$.. ~.#
##.##..###### .#
#..#..# $ .#
#.##.# .# #.#..
.#


You could see an orc warrior.

Vanquished Creatures
  2 water moccasins
  3 ice beasts
  An orc warrior (D:7)
  A sky beast (D:7)
  2 black bears
  3 ogres
  A centaur (D:5)
  A phantom (D:6)
  5 scorpions
  4 hounds
  A jelly (D:5)
  A gnoll bouda (D:5)
  An orc priest (D:4)
  Ijyb (D:3)
  3 iguanas
  5 orc wizards
  A sleepcap (D:6)
  Natasha (twice) (D:3)
  Robin (D:4)
  10 adders
  9 gnolls
  2 white imps
  3 ufetubi
  6 worms
  4 dart slugs
  6 orcs
  8 endoplasms
  4 giant cockroaches
  15 goblins
  9 hobgoblins
  5 quokkas
  7 ball pythons
  9 bats
  3 frilled lizards
  8 kobolds
  4 rats
151 creatures vanquished.

Vanquished Creatures (others)
  27 plants
27 creatures vanquished.

Grand Total: 178 creatures vanquished

Notes
Turn   | Place    | Note
-------+----------+-------------------------------------------
     0 | D:1      | DeathPants the Demonspawn Monk began the quest for the Orb.
     0 | D:1      | Reached XP level 1. HP: 18/18 MP: 1/1
   259 | D:1      | Gained mutation: Your movements are slightly less
                  | encumbered by armour. (ER -2) [demonic ancestry]
   259 | D:1      | Reached XP level 2. HP: 6/24 MP: 2/2
   350 | D:1      | Found a faded altar of an unknown god.
   470 | D:1      | Reached skill level 1 in Armour
   470 | D:1      | Reached skill level 1 in Spellcasting
   481 | D:1      | Gained mutation: You regenerate magic rapidly. [demonic
                  | ancestry]
   481 | D:1      | Reached XP level 3. HP: 27/29 MP: 4/4
   763 | D:3      | Found Loaf Diagris's General Store.
   763 | D:3      | Found a stormy altar of Qazlal.
   814 | D:2      | Found an opulent altar of Gozag.
   835 | D:2      | Became a worshipper of Gozag Ym Sagoz the Greedy
  1339 | D:2      | Gained mutation: You sometimes gain a little power by
                  | taking damage. [demonic ancestry]
  1339 | D:2      | Reached XP level 4. HP: 35/35 MP: 6/6
  1394 | D:2      | Learned a level 2 spell: Blink
  2131 | D:3      | Identified the +3 war axe of Wu Jian's Hope {speed, Int+8
                  | Dex-3 SInv}
  2251 | D:4      | Identified the +1 ring mail of Etodah {rF+ rCorr Dex+4}
  2340 | D:3      | Noticed Ijyb
  2351 | D:3      | Killed Ijyb
  2459 | D:3      | Reached skill level 1 in Axes
  2462 | D:3      | Gained mutation: You have large cloven feet. [demonic
                  | ancestry]
  2462 | D:3      | Reached XP level 5. HP: 35/42 MP: 7/7
  2595 | D:3      | Noticed Natasha
  2604 | D:3      | Killed Natasha
  2605 | D:3      | Reached skill level 1 in Translocations
  2686 | D:3      | Found an ancient bone altar of Kikubaaqudgha.
  2881 | D:3      | Noticed Natasha
  2883 | D:3      | Noticed a black bear
  2887 | D:3      | Killed Natasha
  2888 | D:3      | Gained mutation: Your movements are less encumbered by
                  | armour. (ER -4) [demonic ancestry]
  2888 | D:3      | Reached XP level 6. HP: 43/48 MP: 9/9
  3052 | D:4      | Noticed a water moccasin
  3077 | D:4      | Killed a water moccasin
  3248 | D:5      | Entered Level 5 of the Dungeon
  3447 | D:4      | Found a staircase to the Ecumenical Temple.
  3481 | D:4      | Noticed Robin
  3488 | D:4      | Reached XP level 7. HP: 48/55 MP: 11/11
  3490 | D:4      | Killed Robin
  4024 | D:5      | Reached skill level 5 in Fighting
  4451 | D:5      | Gained mutation: You sometimes gain power by taking damage.
                  | [demonic ancestry]
  4451 | D:5      | Reached XP level 8. HP: 52/62 MP: 13/13
  4844 | D:5      | Reached skill level 5 in Axes
  5046 | D:5      | Found a sacrificial altar of Ru.
  5325 | D:6      | Identified the ring "Wuef Weta" {rN+ Int+6 Dex+5 Slay-2}
  5366 | D:6      | Found a blossoming altar of Fedhas.
  5367 | D:6      | Found an ornate altar of the Wu Jian Council.
  5368 | D:6      | Found a snail-covered altar of Cheibriados.
  6269 | D:7      | Reached XP level 9. HP: 69/69 MP: 14/16
  6505 | D:7      | Slain by an orc warrior

Illustrated notes

Levels and vault maps discovered:
D:1:      minmay_arrival_nine_rooms, layout_basic,
          dreamdust_ecumenical_altar_angels_and_demons
D:2:      layout_loops_corners, basic_altar, chequers_serial_rivers_micro_d,
          chequers_arboretum, minmay_misc_feat_rugged, nicolae_wormholes
D:3:      minmay_chambers_of_twos, layout_loops_ring,
          mainiacjoe_overflow_cross_hatched, mainiacjoe_overflow_alcove_4,
          serial_shops, shop_fountains, uniq_natasha, uniq_ijyb
D:4:      layout_gridville, minmay_temple_entry_gardened_gates, uniq_robin
D:5:      layout_loops_ring, nicolae_ru_sacrificial_ziggurat
D:6:      layout_basic, mainiacjoe_overflow_alcove_3, serial_corexii_hall,
          chequers_hall_statues_y, chequers_hall_statues_y, corexii_checkpoint_a
D:7:      layout_loops_corners, lemuel_round_altar,
          yredelemnul_forgotten_temple_becter, nicolae_overflow_two_pavilions,
          nicolae_gozag_seed_capital, serial_shops, shop_coins, nzn_random_ring

Skill      XL: |  1  2  3  4  5  6  7  8 |
---------------+-------------------------+-----
Dodging        | 3 |  3.2
Armour         | 1 |  1.5
Spellcasting   | 1 2 3 4 |  4.9
Axes           | 1 2 3 4 6 |  6.6
Translocations | 1 2 3 4 |  4.5
Fighting       | 4 5 6 |  6.4
Short Blades   | |  2.6
Stealth        | |  1.7

Action                     |  1- 3 |  4- 6 |  7- 9 || total
---------------------------+-------+-------+-------++-------
  Melee: Short sword       |   191 |    55 |       ||   246
         Punch             |     1 |     1 |     1 ||     3
         War axe           |       |    84 |   254 ||   338
         Kick              |       |    15 |    87 ||   102
  Throw: Throwing net      |       |       |     1 ||     1
    Use: Scroll            |       |    11 |     6 ||    17
         Potion            |       |       |     1 ||     1
   Stab: Sleeping          |     7 |     3 |     7 ||    17
         Distracted        |     1 |     2 |       ||     3
 Armour: Robe              |    17 |       |       ||    17
         Ring mail         |    25 |    52 |    80 ||   157
  Dodge: Dodged            |   101 |    97 |   148 ||   346

Table legend: (Time is in decaauts)
 A = Elapsed time spent in this place.
 B = Non-inter-level travel time spent in this place.
 C = Inter-level travel time spent in this place.
 D = Time resting spent in this place.
 E = Time spent auto-exploring this place.
 F = Levels seen in this place.
 G = Mean time per level.
                   A        B        C        D        E       F      G
               +--------+--------+--------+--------+--------+-----+--------+
         Total |   6433 |   6274 |    159 |    329 |   4048 |   7 |  919.0 |
       Dungeon |   6433 |   6274 |    159 |    329 |   4048 |   7 |  919.0 |
               +--------+--------+--------+--------+--------+-----+--------+

Top non-repeatable levels by time:
     D:2: 1349 daAuts
     D:4: 1135 daAuts
     D:5: 1046 daAuts
     D:6: 1019 daAuts
     D:3: 958 daAuts
     D:1: 647 daAuts
     D:7: 276 daAuts
